 Dungeon Crawl Stone Soup version 0.23.2-1-ga50397a6bc (webtiles) character file.

Game seed: 4818193333494767688

126 MachJacob the Sneak (level 4, 0/30 HPs)
             Began as a Vampire Enchanter on May 5, 2019.
             Slain by a leopard gecko (3 damage)
             ... on level 3 of the Dungeon.
             The game lasted 00:21:38 (6082 turns).

MachJacob the Sneak (Vampire Enchanter)             Turns: 6082, Time: 00:21:39

Health: 0/30       AC:  3    Str:  7    XL:     4   Next: 83%
Magic:  5/7        EV: 13    Int: 17    God:
Gold:   106        SH:  0    Dex: 15    Spells: 2/8 levels left

rFire    . . .     SeeInvis +   a - +1 dagger
rCold    + . .     Gourm    .   (no shield)
rNeg     + + .     Faith    .   m - +0 robe
rPois    +         Spirit   .   g - +0 helmet
rElec    .         Reflect  .   (no cloak)
rCorr    .         Harm     .   (no gloves)
MR       .....                  (no boots)
Stlth    ++++......             (no amulet)
HPRegen  0.05/turn              (no ring)
MPRegen  0.10/turn              (no ring)

@: regenerating slowly
A: fangs 3, see invisible, unbreathing
a: Bat Form


You were on level 3 of the Dungeon.
You were thirsty.

You visited 1 branch of the dungeon, and saw 3 of its levels.

You collected 106 gold pieces.

Inventory:

Hand Weapons
 a - a +1 dagger (weapon)
 b - a +2 hunting sling of flaming
Missiles
 f - 78 stones (quivered)
 j - 2 throwing nets
Armour
 g - a +0 helmet (worn)
 m - a +0 robe (worn)
Jewellery
 n - a +4 ring of protection {unknown}
Scrolls
 c - 4 scrolls of identify {unknown}
 e - a scroll of blinking {unknown}
 h - 2 scrolls of remove curse {unknown}
 i - a scroll of random uselessness {unknown}
 k - 2 scrolls of immolation {unknown}
 l - a scroll of teleportation {unknown}
Potions
 d - 10 potions of blood
 o - a potion of curing {unknown}
 p - a potion of haste {unknown}


   Skills:
 + Level 0.0 Fighting
 * Level 3.2 Short Blades
 + Level 3.0 Dodging
 + Level 5.3 Stealth
 + Level 2.5 Spellcasting
 + Level 5.1 Hexes


You had 2 spell levels left.
You knew the following spells:

 Your Spells              Type           Power        Failure   Level  Hunger
a - Corona                Hex            ###....      2%          1    #......
b - Ensorcelled Hibernat  Hex/Ice        ##....       10%         2    ##.....
c - Confuse               Hex            ###.....     7%          3    ###....

Your spell library contained the following spells:

 Spells                   Type           Power        Failure   Level  Hunger
 Tukima's Dance           Hex            ###.....     7%          3    ###....
 Dazzling Spray           Conj/Hex       ##....       19%         3    ###....


Dungeon Overview and Level Annotations

Branches:
Dungeon (3/15)

Altars:
Ashenzari
Trog

Annotations:
D:2 1 runed translucent door, Crazy Yiuf
D:3 Sigmund


Innate Abilities, Weirdness & Mutations

You heal slowly.
You have razor-sharp teeth.
You have supernaturally acute eyesight. (SInv)
You can survive without breathing.


Message History

The goblin shoots a stone.
The stone closely misses you.
The goblin shoots a stone.
The stone misses you.
A giant cockroach comes into view.
The leopard gecko hisses menacingly.
The leopard gecko closely misses you. The leopard gecko barely misses you.
The leopard gecko bites you.
Yummy - fresh blood!
The leopard gecko bites you.
* * * LOW HITPOINT WARNING * * *
The leopard gecko closely misses you.
You are feeling thirsty.
You see here a jackal skeleton.
The leopard gecko bites you.
* * * LOW HITPOINT WARNING * * *
The leopard gecko closely misses you. The leopard gecko bites you.
* * * LOW HITPOINT WARNING * * *
The giant cockroach waves its antennae.
The leopard gecko bites you.
You die...

#...###......# #)#.#
#.####.# #.#.###.# #.#
#.#..##.# #.#
#.##.##.####.#
#..........#.#
####.##.##.#.#####
#..#.# .#.#...#
##@#.##.#.#...#
#l#.##.#.'...+ .....#
#s..##.###...# .....#
##..##.###...# .....##
#..##.#.+...+ ......#
#######K.##.#.#...#
......#
#..K....>...#.#.......
......#
#o######.#....####.###
.....# #.# #.#.#### .#


You could see a leopard gecko, a giant cockroach and a kobold.

Vanquished Creatures
  Robin (D:2)
  4 adders (D:2)
  A worm (D:2)
  A dart slug (D:1)
  A leopard gecko (D:1)
  6 bats
  2 giant cockroaches (D:2)
  11 goblins
  13 hobgoblins
  10 jackals
  2 quokkas (D:2)
  5 frilled lizards
  A jackal skeleton (D:3)
  6 kobolds
  4 rats
68 creatures vanquished.

Notes
Turn   | Place    | Note
-------+----------+-------------------------------------------
     0 | D:1      | MachJacob the Vampire Enchanter began the quest for the
                  | Orb.
     0 | D:1      | Reached XP level 1. HP: 13/13 MP: 3/3
   104 | D:1      | Found a shattered altar of Ashenzari.
   182 | D:1      | Reached XP level 2. HP: 19/19 MP: 5/5
   282 | D:1      | Learned a level 2 spell: Ensorcelled Hibernation
  2093 | D:2      | Reached XP level 3. HP: 24/24 MP: 3/6
  2409 | D:2      | Noticed Robin
  3406 | D:2      | Reached skill level 5 in Stealth
  3632 | D:2      | Found a runed translucent door.
  3633 | D:2      | Noticed Crazy Yiuf
  3860 | D:2      | Found a bloodstained altar of Trog.
  3905 | D:2      | Reached XP level 4. HP: 30/30 MP: 4/7
  3993 | D:2      | Reached skill level 5 in Hexes
  4764 | D:2      | Killed Robin
  5574 | D:3      | Learned a level 3 spell: Confuse
  5605 | D:3      | Noticed Sigmund
  6082 | D:3      | Slain by a leopard gecko

Skill      XL: |  1  2  3  4 |
---------------+-------------+-----
Short Blades   | 2 3 |  3.2
Stealth        | 5 |  5.3
Hexes          | 5 |  5.1
Dodging        | 3 |  3.0
Spellcasting   | |  2.5

Action                   |  1- 3 |  4- 6 || total
-------------------------+-------+-------++-------
Melee: Dagger            |   182 |   113 ||   295
       Bite              |     8 |    12 ||    20
 Fire: Hunting sling     |     3 |     3 ||     6
 Cast: Ensorcelled Hiber |    12 |     8 ||    20
       Corona            |     1 |       ||     1
       Confuse           |       |     2 ||     2
  Use: Potion            |    10 |     4 ||    14
 Stab: Sleeping          |    15 |     4 ||    19
       Distracted        |       |     1 ||     1
  Eat: Corpse            |       |     1 ||     1
Armor: Robe              |    55 |    14 ||    69
Dodge: Dodged            |   115 |    77 ||   192
